 Dungeon Crawl Stone Soup version 0.30-a0-242-g7bf8e6d787 (webtiles) character file.

Game seed: 15911448094302070466

213 brknglss the Conjurer (level 5, 0/31 HPs)
             Began as an Octopode Conjurer on Oct 11, 2022.
             Constricted to death by Ijyb (3 damage)
             ... on level 3 of the Dungeon.
             The game lasted 00:04:56 (1837 turns).

brknglss the Conjurer (Octopode Conjurer)           Turns: 1837, Time: 00:04:56

Health: 0/31       AC:  1    Str:  7    XL:     5   Next: 90%
Magic:  2/9        EV: 10    Int: 22    God:
Gold:   103        SH:  0    Dex: 10    Spells: 6/9 levels left

rFire   . . .      SeeInvis .    e - +3 spear
rCold   . . .      Faith    .    (no shield)
rNeg    . . .      Spirit   .    (helmet restricted)
rPois   .          Reflect  .    (no amulet)
rElec   .          Harm     .    (no ring)
rCorr   .          Rampage  .    (no ring)
Will    .....                    (no ring)
Stlth   ++++......               (no ring)
HPRegen 0.25/turn                (no ring)
MPRegen 0.11/turn                (no ring)
                                 (no ring)
                                 (no ring)

@: grasped by roots, constricted
A: almost no armour, amphibious, 8 rings, camouflage 1, gelatinous body 1,
(nimble swimmer 1), tentacles
a: no special abilities


You were on level 3 of the Dungeon.
You visited 1 branch of the dungeon, and saw 4 of its levels.

You collected 103 gold pieces.

Inventory:

Hand Weapons
 b - a +0 short sword
 e - a +3 spear (weapon)
Magical Staves
 f - a staff of fire
 i - a staff of cold
Wands
 n - a wand of roots (3)
 s - a wand of mindburst (14)
Scrolls
 c - 3 scrolls of teleportation {unknown}
 d - a scroll of fear {unknown}
 g - a scroll of magic mapping {unknown}
 m - a scroll of amnesia {unknown}
 o - a scroll of torment {unknown}
 p - a scroll of vulnerability {unknown}
 q - 2 scrolls of identify {unknown}
Potions
 a - a potion of magic
 h - 2 potions of degeneration {unknown}
 j - a potion of might {unknown}
 k - 3 potions of curing {unknown}
 l - a potion of cancellation {unknown}
 r - 2 potions of flight {unknown}


   Skills:
 + Level 2.9 Dodging
 - Level 5.0 Stealth
 + Level 2.8 Spellcasting
 * Level 5.3 Conjurations


You had 6 spell levels left.
You knew the following spells:

 Your Spells              Type           Power      Damage    Failure   Level
a - Magic Dart            Conj           100%       1d8       1%          1
b - Searing Ray           Conj           52%        2d6       2%          2

Your spell library contained the following spells:

 Spells                   Type           Power      Damage    Failure   Level
 Dazzling Flash           Conj/Hex       28%        N/A       13%         3
 Fulminant Prism          Conj/Hex       7%         3d7       38%         4
 Iskenderun's Mystic Bla  Conj/Tloc      14%        2d5       38%         4
 Summon Lightning Spire   Summ/Air       3%         N/A       77%         4
 Storm Form               Tmut/Air       1%         N/A       100%        7
 Maxwell's Capacitive Co  Air            1%         ∞         100%        8


Dungeon Overview and Level Annotations

Branches:
Dungeon (4/15)
 Temple: D:4-7

Altars:

Annotations:
D:3 Ijyb


Innate Abilities, Weirdness & Mutations

You cannot wear most types of armour.
You are amphibious.
You can wear up to eight rings at the same time.
Your skin changes colour to match your surroundings (Stealth+).
Your rubbery body absorbs attacks. (AC +1, EV +1)
((You are camouflaged when in or above water. (Stealth+)))
You have tentacles for arms and can constrict up to eight enemies at once.


Message History

k - 3 amethyst potions (gained 1)
Found an escape hatch in the floor.
Found an escape hatch in the ceiling.
Ijyb the Twisted Goblin comes into view.
She is wielding a +0 dagger and carrying a wand of roots (8).
Ijyb shouts!
Casting: Magic Dart (safe; 1% risk of failure)
Confirm with . or Enter, or press ? or * to list all spells.
Aiming: Searing Ray (safe; 2% risk of failure)
Press: ? - help, Shift-Dir - straight line, f - Ijyb
Aim: Ijyb, wielding a +0 dagger, wearing a +0 leather armour and carrying a wand of roots (8) (74% to hit)
The searing ray hits Ijyb!
Ijyb is moderately wounded. (Press . to maintain the ray.)
The searing ray hits Ijyb.
Ijyb is heavily wounded.
Ijyb zaps a wand.
The roots erupt in riotous growth!
The grasping roots grab you!
Ijyb is unaffected.
The grasping roots constrict you!
The searing ray hits Ijyb.
Ijyb is severely wounded.
Ijyb hits you with a +0 dagger. The grasping roots constrict you.
The searing ray misses Ijyb.
You finish channelling your searing ray.
Ijyb hits you with a +0 dagger. The grasping roots constrict you.
* * * LOW HITPOINT WARNING * * *
The grasping roots release their grip on you.
Ijyb hits you with a +0 dagger.
* * * LOW HITPOINT WARNING * * *
Casting: Searing Ray (safe; 2% risk of failure)
Confirm with . or Enter, or press ? or * to list all spells.
Aiming: Searing Ray (safe; 2% risk of failure)
Press: ? - help, Shift-Dir - straight line, f/p - Ijyb
Aim: Ijyb, wielding a +0 dagger, wearing a +0 leather armour and carrying a wand of roots (7) (severely wounded, 74% to hit)
The searing ray hits Ijyb.
Ijyb is almost dead. (Press . to maintain the ray.) Ijyb zaps a wand.
The roots erupt in riotous growth!
The grasping roots grab you!
Ijyb is unaffected.
The grasping roots constrict you.
You die...

##.#.####.#
#.....#<.
#.....#.#
#.....#.#
#.......#
#..#.....###
##.........##
###...#.#$.####
#...#..@g...#
#..>###.....#
#... #.....#
### #######


You could see Ijyb.

Vanquished Creatures
  A scorpion (D:2)
  Jessica (D:2)
  Robin (D:2)
  7 adders
  2 worms (D:2)
  3 ball pythons (D:2)
  2 endoplasms
  2 giant cockroaches (D:1)
  11 goblins
  9 hobgoblins
  A jackal (D:2)
  A quokka (D:1)
  6 bats
  2 frilled lizards (D:1)
  3 kobolds (D:1)
  2 rats (D:1)
54 creatures vanquished.

Notes
Turn   | Place    | Note
-------+----------+-------------------------------------------
     0 | D:1      | brknglss the Octopode Conjurer began the quest for the Orb.
     0 | D:1      | Reached XP level 1. HP: 11/11 MP: 3/3
   217 | D:1      | Reached XP level 2. HP: 16/17 MP: 5/5
   708 | D:2      | Reached XP level 3. HP: 19/21 MP: 2/6
   928 | D:2      | Noticed Jessica
   932 | D:2      | Killed Jessica
   933 | D:2      | Reached XP level 4. HP: 27/27 MP: 7/7
   995 | D:2      | Found a faded altar of an unknown god.
  1064 | D:2      | Learned a level 2 spell: Searing Ray
  1088 | D:2      | Noticed Robin
  1121 | D:2      | Killed Robin
  1445 | D:2      | Reached XP level 5. HP: 28/31 MP: 2/8
  1531 | D:2      | Reached skill level 5 in Stealth
  1531 | D:2      | Reached skill level 5 in Conjurations
  1700 | D:2      | You fall into a shaft and drop 2 floors!
  1828 | D:3      | Noticed Ijyb
  1837 | D:3      | Constricted to death by Ijyb

Illustrated notes

Levels and vault maps discovered:
D:1:      dpeg_arrival_another_circle, layout_basic, minmay_misc_feat_pillars
D:2:      layout_basic, hellmonk_ecumenical_altar_pennies_from_heaven,
          minmay_hexomino_c4, uniq_jessica, uniq_natasha, uniq_robin
D:3:      layout_rooms, minmay_misc_feat_x, uniq_crazy_yiuf_cottage, uniq_ijyb
D:4:      layout_basic, hangedman_decor_riveting

Skill      XL: |  1  2  3  4  5 |
---------------+----------------+-----
Stealth        | 3 4 5 |  5.0
Conjurations   | 5 |  5.3
Dodging        | |  2.9
Spellcasting   | |  2.8

Action                   |  1- 3 |  4- 6 || total
-------------------------+-------+-------++-------
Melee: Spear             |    48 |    30 ||    78
       Short sword       |     3 |       ||     3
       Constrict         |     8 |     9 ||    17
       Tentacles         |     3 |     6 ||     9
       Punch             |     1 |       ||     1
 Cast: Magic Dart        |    13 |    19 ||    32
       Searing Ray       |       |     5 ||     5
 Stab: Sleeping          |     7 |     2 ||     9
Armor: Skin              |    11 |     3 ||    14
Dodge: Dodged            |    32 |    38 ||    70

Table legend: (Time is in decaauts)
 A = Elapsed time spent in this place.
 B = Non-inter-level travel time spent in this place.
 C = Inter-level travel time spent in this place.
 D = Time resting spent in this place.
 E = Time spent auto-exploring this place.
 F = Levels seen in this place.
 G = Mean time per level.
                   A        B        C        D        E       F      G
               +--------+--------+--------+--------+--------+-----+--------+
         Total |   1843 |   1805 |     38 |    328 |   1105 |   4 |  460.8 |
       Dungeon |   1843 |   1805 |     38 |    328 |   1105 |   4 |  460.8 |
               +--------+--------+--------+--------+--------+-----+--------+

Top non-repeatable levels by time:
     D:2: 999 daAuts
     D:1: 706 daAuts
     D:3: 71 daAuts
     D:4: 66 daAuts
